 Dungeon Crawl Stone Soup version 0.30-a0-728-gc68057be0a (webtiles) character file.

Game seed: 6825535127157967215

3172 dialectric the Basher (level 9, -3/55 HPs)
             Began as a Gargoyle Fighter on Jan 30, 2023.
             Was an Elder of Qazlal.
             Slain by an orc warrior
             ... wielding a +0 trident
              (12 damage)
             ... in a bailey.
             The game lasted 00:08:57 (6168 turns).

dialectric the Basher (Gargoyle Fighter)            Turns: 6168, Time: 00:08:59

Health: -3/55      AC: 18    Str: 21    XL:     9   Next: 94%
Magic:  9/9        EV: 12    Int: 13    God:    Qazlal [****..]
Gold:   383        SH:  5    Dex: 11    Spells: 8/8 levels left

rFire   . . .      SeeInvis .    u - +6 mace of Resourcefulness {flame, rN+}
rCold   . . .      Faith    .    (no shield)
rNeg    + + .      Spirit   .    K - +0 acid dragon scales
rPois   ∞          Reflect  .    z - +1 helmet {Int+3}
rElec   +          Harm     .    C - +0 cloak
rCorr   +          Rampage  .    (no gloves)
Will    .....                    (no boots)
Stlth   +                        (no amulet)
HPRegen 0.29/turn                (no ring)
MPRegen 0.11/turn                (no ring)

@: repel missiles
A: sickness immunity, AC +6, negative energy resistance 1, electricity
resistance, torment resistance 1, petrification resistance
a: Renounce Religion, Upheaval, Elemental Force


You were in a bailey.
You worshipped Qazlal.
Qazlal was greatly pleased with you.
You visited 1 branch of the dungeon, and saw 8 of its levels.
You also visited: Sewer and Bailey.

You collected 383 gold pieces.

Inventory:

Hand Weapons
 a - a +0 long sword
 u - the +6 mace of Resourcefulness (weapon) {flame, rN+}
   (You found it on level 3 of the Dungeon)

   rN:        It protects you from negative energy.
 F - a +1 flail of draining
Missiles
 n - 8 javelins (quivered)
 t - 2 atropa-tipped darts
 G - 31 poisoned darts
Armour
 b - a +0 scale mail
 c - a +0 buckler
 m - a +0 chain mail
 z - a +1 helmet of intelligence (worn)
 C - a +0 cloak (worn)
 K - +0 acid dragon scales (worn)
Jewellery
 A - the ring "Tuffah" {Contam Str+5 Int+6}
   (You found it on level 4 of the Dungeon)

   [ring of intelligence]

   Str:       It affects your strength (+5).
   Int:       It affects your intelligence (+6).
   Contam:    It causes magical contamination when unequipped.
Wands
 E - a wand of flame (43)
Scrolls
 e - 2 scrolls of identify
 f - 3 scrolls of teleportation
 g - 3 scrolls of magic mapping
 h - a scroll of noise {unknown}
 j - a scroll of fear {unknown}
 p - 3 scrolls of immolation {unknown}
 q - 2 scrolls of enchant weapon {unknown}
 r - 2 scrolls of blinking {unknown}
 w - a scroll of amnesia {unknown}
 y - 5 scrolls of vulnerability {unknown}
 B - 4 scrolls of brand weapon {unknown}
 D - 2 scrolls of poison {unknown}
 J - a scroll of enchant armour {unknown}
Potions
 d - 3 potions of might
 i - 2 potions of mutation {unknown}
 k - a potion of attraction
 l - a potion of invisibility {unknown}
 o - a potion of flight {unknown}
 s - 2 potions of haste
 v - 6 potions of curing {unknown}
 x - a potion of lignification {unknown}
 H - a potion of heal wounds
 I - a potion of cancellation {unknown}


   Skills:
 + Level 6.1 Fighting
 - Level 3.0 Long Blades
 + Level 9.3 Maces & Flails
 + Level 0.2 Throwing
 * Level 7.8 Armour
 + Level 2.7 Dodging
 - Level 5.0 Shields


You had 8 spell levels left.
You didn't know any spells.
Your spell library contained the following spells:

 Spells                   Type           Power      Damage    Failure   Level
 Wereblood                Tmut           0%         N/A       50%         2
 Ozocubu's Armour         Ice            0%         N/A       75%         3
 Stone Arrow              Conj/Erth      0%         3d7       75%         3
 Animate Armour           Summ/Erth      0%         N/A       98%         4
 Ozocubu's Refrigeration  Ice            0%         4d7       100%        7
 Summon Hydra             Summ           0%         N/A       100%        7
 Lehudib's Crystal Spear  Conj/Erth      0%         10d2      100%        8
 Sublimation of Blood     Necr           Unusable   N/A       N/A         2

Dungeon Overview and Level Annotations

Branches:
Dungeon (8/15)             Temple (0/1) D:6           Sewer (visited)
 Bailey (1/1)
   Lair: D:8-11

Altars:
Makhleb
Qazlal
Trog

Shops:
D:2 (


Innate Abilities, Weirdness & Mutations

You are immune to sickness and miasma.
Your stone body is resilient. (AC +6)
You are immune to poison.
You resist negative energy. (rN+)
You are resistant to electric shocks. (rElec)
You are resistant to unholy torment.
You are immune to petrification.


Message History

The orc warrior hits you from afar with a +0 trident.
You barely miss the orc warrior.
The orc warrior is heavily wounded.
The orc warrior barely misses you.
The orc warrior hits you with a +0 trident!
The orc warrior closely misses you.
You thump the orc warrior! You burn the orc warrior.
You kill the orc warrior!
Qazlal accepts your kill. You block the orc warrior's attack. x2
The orc warrior closely misses you. The orc warrior barely misses you.
Items here: )) [[.
You closely miss the orc warrior.
The orc warrior hits you but does no damage.
The orc warrior hits you with a +0 trident!
You sock the orc warrior! You burn the orc warrior.
The orc warrior is heavily wounded.
You feel a little less mighty now. The orc warrior misses you.
The orc warrior barely misses you.
You hit the orc warrior. You burn the orc warrior.
The orc warrior is severely wounded.
You block the orc warrior's attack.
The orc warrior hits you but does no damage.
You hit the orc warrior. You burn the orc warrior.
The orc warrior is almost dead.
The orc warrior hits you with a +0 trident.
The orc warrior hits you with a +0 trident!
You hit the orc warrior. You burn the orc warrior.
You kill the orc warrior!
Qazlal accepts your kill.
The orc warrior hits you with a +0 trident!
You barely miss the orc warrior. You block the orc warrior's attack.
You sock the orc warrior! You burn the orc warrior.
The orc warrior is heavily wounded.
The orc warrior hits you with a +0 trident!
* * * LOW HITPOINT WARNING * * *
You hit the orc warrior. You burn the orc warrior.
The orc warrior is heavily wounded.
The orc warrior hits you with a +0 trident!
You die...

#.~~..##.##
#.~..##.$.#
#.~)##.$$$.#
#.~.########
#.).)......
#.~)~~~~~~~
#.§.)......
##°§######.
#o@## ##..#
#∩∩## ####


You could see an orc warrior.

Vanquished Creatures
  Maggie (D:7)
  Grinder (Sewer)
  A wyvern (D:7)
  Duvessa (D:5)
  A sky beast (D:7)
  A black bear (D:5)
  An ice beast (D:5)
  7 orc warriors
  An ogre (D:6)
  A centaur (D:7)
  2 kobold brigands
  3 bullfrogs (D:8)
  A necrophage (D:4)
  2 scorpions (D:5)
  Dowan (D:5)
  A howler monkey (D:7)
  2 hounds
  2 quasits (Sewer)
  3 orc priests
  2 iguanas (D:5)
  2 orc wizards
  Robin (D:4)
  4 gnolls (D:5)
  11 adders
  2 river rats (D:6)
  2 shadow imps (Sewer)
  2 white imps
  4 ufetubi (Sewer)
  3 dart slugs
  35 orcs
  12 ball pythons
  12 endoplasms
  6 giant cockroaches
  20 goblins
  11 hobgoblins
  7 jackals (D:2)
  29 kobolds
  2 quokkas
  7 bats
  2 frilled lizards
  2 kobold zombies (Sewer)
  9 rats
220 creatures vanquished.

Vanquished Creatures (others)
  2 kobold zombies (Sewer)
  A plant (D:2)
3 creatures vanquished.

Grand Total: 223 creatures vanquished

Notes
Turn   | Place    | Note
-------+----------+-------------------------------------------
     0 | D:1      | dialectric the Gargoyle Fighter began the quest for the
                  | Orb.
     0 | D:1      | Reached XP level 1. HP: 14/14 MP: 1/1
   221 | D:1      | Reached XP level 2. HP: 19/19 MP: 2/2
   797 | D:2      | Reached XP level 3. HP: 23/23 MP: 3/3
  1022 | D:2      | Reached XP level 4. HP: 25/28 MP: 4/4
  1071 | D:2      | Found Bom Piwn's Antique Weapon Shoppe.
  1118 | D:2      | Found a stormy altar of Qazlal.
  1129 | D:2      | Became a worshipper of Qazlal Stormbringer
  1299 | D:2      | Found a faded altar of an unknown god.
  1862 | D:3      | Identified the +6 mace of Resourcefulness {flame, rN+}
  2134 | D:3      | Reached * piety under Qazlal
  2162 | D:3      | Reached XP level 5. HP: 33/33 MP: 5/5
  2414 | D:4      | Reached skill level 1 in Maces & Flails
  2469 | D:4      | Noticed Robin
  2524 | D:4      | Killed Robin
  2701 | D:4      | Reached ** piety under Qazlal
  2713 | D:4      | Identified the ring "Tuffah" {Contam Str+5 Int+6}
  2903 | D:4      | Reached skill level 2 in Maces & Flails
  2903 | D:4      | Reached XP level 6. HP: 38/38 MP: 6/6
  2934 | D:5      | Entered Level 5 of the Dungeon
  2934 | D:5      | Noticed an ice beast
  2941 | D:5      | Killed an ice beast
  2942 | D:5      | Reached skill level 3 in Maces & Flails
  3317 | D:6      | Found a staircase to the Ecumenical Temple.
  3403 | D:6      | Reached skill level 4 in Maces & Flails
  3458 | D:6      | Found a glowing drain.
  3494 | D:6      | Reached XP level 7. HP: 39/43 MP: 7/7
  3507 | Sewer    | Entered a sewer
  3598 | Sewer    | Reached skill level 1 in Dodging
  3618 | Sewer    | Reached *** piety under Qazlal
  3646 | Sewer    | Found a burning altar of Makhleb.
  3717 | Sewer    | Reached skill level 5 in Maces & Flails
  3717 | Sewer    | Reached skill level 5 in Armour
  3744 | Sewer    | Noticed Grinder
  3759 | Sewer    | Killed Grinder
  3904 | D:6      | Reached skill level 6 in Maces & Flails
  3904 | D:6      | Reached XP level 8. HP: 39/48 MP: 8/8
  3953 | D:5      | Found a bloodstained altar of Trog.
  3954 | D:5      | Found a burning altar of Makhleb.
  4210 | D:5      | Reached skill level 7 in Maces & Flails
  4210 | D:5      | Reached skill level 5 in Shields
  4473 | D:5      | Noticed Dowan
  4475 | D:5      | Noticed Duvessa
  4478 | D:5      | Killed Dowan
  4481 | D:5      | Killed Duvessa
  4795 | D:7      | Noticed a wyvern
  4800 | D:7      | Killed a wyvern
  4801 | D:7      | Reached skill level 5 in Fighting
  4814 | D:7      | Reached XP level 9. HP: 52/54 MP: 9/9
  4816 | D:7      | Reached skill level 8 in Maces & Flails
  4960 | D:7      | Noticed Maggie
  4971 | D:7      | Killed Maggie
  5179 | D:7      | Reached **** piety under Qazlal
  5962 | D:8      | Found a flagged portal.
  5968 | Bailey   | Entered a bailey
  6006 | Bailey   | Reached skill level 9 in Maces & Flails
  6168 | Bailey   | Slain by an orc warrior

Illustrated notes

Levels and vault maps discovered:
D:1:      amcnicky_arrival_flooded_fountain, layout_loops_ring,
          chequers_serial_rivers_small_b
D:2:      layout_loops_ring, serial_shops, nicolae_shop_overgrown_old_shop,
          basic_altar, shapermc_ecumenical_altar_totnotflames,
          hangedman_decor_push
D:3:      layout_basic
D:4:      layout_rooms, uniq_robin
D:5:      layout_basic, nicolae_overflow_hidden_temple,
          corexii_item_surrounded_by_moat, uniq_duvessa
D:6:      wander_river, layout_loops_corners, minmay_temple_entry_wispy,
          gammafunk_ghost_necromancy, portal_sewer_entry_c, minmay_holes,
          minmay_stone_trees_medium
D:7:      layout_basic, uniq_maggie
D:8:      layout_basic, lemuel_zombie_altar_kikubaaqudgha, enter_bailey_3
Bailey:   bailey_polearm_1, bailey

Skill      XL: |  1  2  3  4  5  6  7  8  9 |
---------------+----------------------------+-----
Long Blades    | 2 3 |  3.0
Armour         | 4 5 6 7 |  7.8
Maces & Flails | 2 4 6 7 9 |  9.3
Fighting       | 4 5 6 |  6.1
Dodging        | 1 2 |  2.7
Shields        | 4 5 |  5.0
Throwing       | |  0.2

Action                     |  1- 3 |  4- 6 |  7- 9 || total
---------------------------+-------+-------+-------++-------
  Melee: Long sword        |   129 |       |       ||   129
         Scimitar          |    29 |    75 |       ||   104
         Mace              |       |   121 |   279 ||   400
         Punch             |       |     1 |     1 ||     2
  Throw: Javelin           |       |       |     4 ||     4
  Evoke: Wand              |       |       |     3 ||     3
    Use: Scroll            |       |     1 |     3 ||     4
         Potion            |       |       |     3 ||     3
 Armour: Scale mail        |   109 |    11 |       ||   120
         Chain mail        |       |   157 |   193 ||   350
         Acid dragon scale |       |       |    67 ||    67
  Dodge: Dodged            |    92 |   103 |   207 ||   402
  Block: Other             |       |    10 |    82 ||    92

Table legend: (Time is in decaauts)
 A = Elapsed time spent in this place.
 B = Non-inter-level travel time spent in this place.
 C = Inter-level travel time spent in this place.
 D = Time resting spent in this place.
 E = Time spent auto-exploring this place.
 F = Levels seen in this place.
 G = Mean time per level.
                   A        B        C        D        E       F      G
               +--------+--------+--------+--------+--------+-----+--------+
         Total |   6321 |   6181 |    140 |      0 |   4461 |  10 |  632.1 |
       Dungeon |   5746 |   5606 |    140 |      0 |   4282 |   8 |  718.2 |
         Sewer |    362 |    362 |      0 |      0 |    112 |   1 |  362.0 |
        Bailey |    212 |    212 |      0 |      0 |     66 |   1 |  212.0 |
               +--------+--------+--------+--------+--------+-----+--------+

Top non-repeatable levels by time:
     D:5: 893 daAuts
     D:2: 861 daAuts
     D:7: 834 daAuts
     D:1: 814 daAuts
     D:3: 812 daAuts
     D:6: 647 daAuts
     D:4: 540 daAuts
   Sewer: 362 daAuts
     D:8: 341 daAuts
  Bailey: 212 daAuts
